 Dungeon Crawl Stone Soup version 0.29-a0-234-g0dae59b3db (webtiles) character file.

Game seed: 15053065549899209887

247 fragbeetle the Insei (level 5, -1/40 HPs)
             Began as a Draconian Transmuter on Mar 2, 2022.
             Succumbed to a gnoll's poison
             ... on level 4 of the Dungeon.
             The game lasted 00:05:27 (3685 turns).

fragbeetle the Insei (Draconian Transmuter)         Turns: 3685, Time: 00:05:27

Health: -1/40      AC:  2    Str: 12    XL:     5   Next: 85%
Magic:  6/8        EV: 19    Int: 13    God:
Gold:   179        SH:  5    Dex: 19    Spells: 4/8 levels left

rFire   . . .      SeeInvis +     - Unarmed
rCold   . . .      Faith    .   (shield currently unavailable)
rNeg    . . .      Spirit   .   (body armour unavailable)
rPois   x          Reflect  +   (helmet currently unavailable)
rElec   .          Harm     .   (cloak currently unavailable)
rCorr   .          Rampage  .   (gloves currently unavailable)
Will    .....                   (boots currently unavailable)
Stlth   ++........              p - amulet of reflection
HPRegen 0.13/turn               i - ring of see invisible
MPRegen 0.11/turn               (no ring)

@: lethally poisoned (-1 -> -22), spider-form (expiring)
A: venomous fangs, AC +5, tiny, unfitting armour, (cold-blooded)
a: End Transformation


You were on level 4 of the Dungeon.
You were a venomous arachnid creature.
You visited 1 branch of the dungeon, and saw 4 of its levels.

You collected 179 gold pieces.

Inventory:

Hand Weapons
 o - a +0 dagger of venom
Missiles
 h - 6 poisoned darts
 q - 8 boomerangs
Jewellery
 i - a ring of see invisible (left front leg)
 p - an amulet of reflection (around neck)
 t - an amulet of faith
Wands
 s - a wand of iceblast (8)
Scrolls
 a - 4 scrolls of identify {unknown}
 b - a scroll of blinking {unknown}
 d - 2 scrolls of enchant armour {unknown}
 e - 2 scrolls of holy word {unknown}
 f - 6 scrolls of teleportation {unknown}
 l - a scroll of silence {unknown}
 m - a scroll of magic mapping {unknown}
 n - 2 scrolls of amnesia {unknown}
 r - 2 scrolls of vulnerability {unknown}
 u - 2 scrolls of immolation {unknown}
Potions
 c - 2 potions of haste {unknown}
 g - 2 potions of heal wounds {unknown}
 j - 4 potions of lignification {unknown}
 k - a potion of degeneration {unknown}


   Skills:
 - Level 1.1 Fighting
 - Level 1.7 Dodging
 + Level 4.7 Unarmed Combat
 - Level 2.0 Spellcasting
 + Level 4.1 Transmutations
 + Level 2.5 Poison Magic


You had 4 spell levels left.
You knew the following spells:

 Your Spells              Type           Power      Damage    Failure   Level
a - Beastly Appendage     Tmut           24%        N/A       14%         1
b - Spider Form           Tmut/Pois      9%         N/A       38%         3

Your spell library contained the following spells:

 Spells                   Type           Power      Damage    Failure   Level
 Wereblood                Tmut           12%        N/A       19%         2
 Ice Form                 Ice/Tmut       6%         N/A       88%         4


Dungeon Overview and Level Annotations

Branches:
Dungeon (4/15)
 Temple: D:4-7

Altars:

Shops:
D:3 (


Innate Abilities, Weirdness & Mutations

You are a venomous arachnid creature.
You have poisonous fangs.
You are tiny and dextrous.
Your spellcasting is less reliable in this form.
Your armour is entirely melded.
You are incapable of wielding weapons or throwing items.
((Your plain brown scales are hard. (AC +5)))
You cannot fit into any form of body armour.
((You are cold-blooded and may be slowed by cold attacks.))


Message History

A gnoll comes into view. It is wielding a +2 halberd of venom.
A gnoll comes into view. It is wielding a +0 flail.
The gnoll misses you.
Casting: Spider Form (quite dangerous; 21% risk of failure)
Confirm with . or Enter, or press ? or * to list all spells.
The spell is quite dangerous to miscast (21% risk of failure)!
Continue anyway?
You turn into a venomous arachnid creature.
The gnoll shouts!
The gnoll misses you. The gnoll hits you with a +0 flail.
You hit the gnoll.
The gnoll is lightly wounded.
The gnoll completely misses you. The gnoll misses you.
You hit the gnoll.
The gnoll is poisoned.
The gnoll is heavily wounded.
A gnoll comes into view. It is wielding a +0 halberd.
The gnoll hits you from afar with a +2 halberd of venom!
You are poisoned.
The gnoll completely misses you.
You hit the gnoll.
You kill the gnoll!
You hear the quick rusting of a distant drain.
You feel very sick.
The gnoll hits you from afar with a +2 halberd of venom.
You feel very sick. The gnoll barely misses you.
You see here a +0 flail.
Unknown command.
You bite the gnoll!
The gnoll is poisoned.
The gnoll is heavily wounded.
You feel sick. You block the gnoll's attack. The gnoll misses you.
You completely miss the gnoll.
The gnoll is severely wounded.
You feel sick. The gnoll closely misses you.
The gnoll hits you with a +2 halberd of venom.
* * * LOW HITPOINT WARNING * * *
You are lethally poisoned!
* * * LOW HITPOINT WARNING * * *
You feel very sick.
Your transformation is almost over.
You die...

# .# ###################
.#######........s.)ggg....
.##.....>..##########.####
.##.####.#.# .##.# #.#.#
.##.####.#.# .....†...#.#
.##.######.# ....# #..
.#### ###


You could see 3 gnolls.

Vanquished Creatures
  A centaur (D:4)
  2 orc wizards (D:4)
  A gnoll (D:4)
  An adder (D:2)
  3 worms
  A dart slug (D:1)
  9 orcs
  3 bats
  5 endoplasms
  5 giant cockroaches
  5 goblins
  7 hobgoblins
  4 jackals (D:2)
  9 kobolds
  2 quokkas
  8 ball pythons
  6 frilled lizards
  3 rats (D:2)
75 creatures vanquished.

Notes
Turn   | Place    | Note
-------+----------+-------------------------------------------
     0 | D:1      | fragbeetle the Draconian Transmuter began the quest for the
                  | Orb.
     0 | D:1      | Reached XP level 1. HP: 16/16 MP: 3/3
   346 | D:1      | Reached XP level 2. HP: 23/23 MP: 3/5
   640 | D:1      | Found a faded altar of an unknown god.
  1476 | D:2      | Reached XP level 3. HP: 28/28 MP: 4/6
  1662 | D:2      | Learned a level 3 spell: Spider Form
  2574 | D:3      | Reached skill level 1 in Poison Magic
  2585 | D:3      | Found Suuxzuapp's Weapon Boutique.
  2616 | D:3      | Reached XP level 4. HP: 35/35 MP: 5/7
  3312 | D:4      | Reached XP level 5. HP: 36/40 MP: 2/8
  3518 | D:4      | Noticed a centaur
  3524 | D:4      | Killed a centaur
  3685 | D:4      | Succumbed to a gnoll's poison

Illustrated notes

Levels and vault maps discovered:
D:1:      erik_arrival_blinker_ship, layout_rooms,
          nicolae_ecumenical_lake_church
D:2:      layout_basic, solitary_fountain
D:3:      layout_rooms, serial_shops, nicolae_shop_stone, corner_web_ring,
          grunt_ministairs_9
D:4:      layout_loops_ring, nicolae_ru_path_of_blood,
          minmay_temple_entry_poolview, cheibrodos_sewer_entry_bend

Skill      XL: |  1  2  3  4  5 |
---------------+----------------+-----
Transmutations | 3 4 |  4.1
Poison Magic   | 1 2 |  2.5
Unarmed Combat | 4 |  4.7
Fighting       | |  1.1
Dodging        | |  1.7
Spellcasting   | |  2.0

Action                   |  1- 3 |  4- 6 || total
-------------------------+-------+-------++-------
Melee: Unarmed           |   119 |    81 ||   200
       Tailslap          |    11 |     6 ||    17
       Kick              |    20 |    10 ||    30
       Headbutt          |    16 |     4 ||    20
       Punch             |     1 |     2 ||     3
 Cast: Beastly Appendage |    32 |     9 ||    41
       Spider Form       |       |     4 ||     4
Armor: Skin              |    37 |    10 ||    47
Dodge: Dodged            |    68 |    48 ||   116
Block: Other             |     3 |    14 ||    17
       Reflection        |       |     1 ||     1

Table legend: (Time is in decaauts)
 A = Elapsed time spent in this place.
 B = Non-inter-level travel time spent in this place.
 C = Inter-level travel time spent in this place.
 D = Time resting spent in this place.
 E = Time spent auto-exploring this place.
 F = Levels seen in this place.
 G = Mean time per level.
                   A        B        C        D        E       F      G
               +--------+--------+--------+--------+--------+-----+--------+
         Total |   3675 |   3459 |    216 |      8 |   2687 |   4 |  918.8 |
       Dungeon |   3675 |   3459 |    216 |      8 |   2687 |   4 |  918.8 |
               +--------+--------+--------+--------+--------+-----+--------+

Top non-repeatable levels by time:
     D:2: 1407 daAuts
     D:1: 1138 daAuts
     D:3: 567 daAuts
     D:4: 561 daAuts
